 Dungeon Crawl Stone Soup version 0.27-a0-1119-gbf574a6a6b (webtiles) character file.

Game seed: 14797335853363974969

248626 sizableburger the Fighter (level 18, -10/143 HPs)
             Began as a Mummy Hunter on May 2, 2021.
             Was a High Priest of Okawaru.
             Killed from afar by a fire giant (28 damage)
             ... with a bolt of fire
             ... on level 15 of the Dungeon on May 3, 2021.
             The game lasted 02:35:07 (52760 turns).

sizableburger the Fighter (Mummy Hunter)           Turns: 52760, Time: 02:35:08

Health: -10/143    AC: 35    Str: 28    XL:     18   Next: 85%
Magic:  34/34      EV:  7    Int: 11    God:    Okawaru [*****.]
Gold:   3010       SH:  7    Dex:  9    Spells: 35/41 levels left

rFire    . . .     SeeInvis +   I - +9 demon trident (freeze)
rCold    . . .     Faith    +   r - +2 buckler {reflect}
rNeg     + + +     Spirit   .   y - +1 crystal plate armour
rPois    ∞         Reflect  +   t - +2 helmet
rElec    .         Harm     .   j - +2 cloak {rPois}
rCorr    +         Rampage  +   S - +2 pair of gloves
Will     ++...                  R - +2 pair of boots {rampage}
Stlth    ..........             J - amulet of faith
HPRegen  0.33/turn              i - +6 ring of strength
MPRegen  0.24/turn              P - ring of Xiaru {Fire rCorr Dex-4 Slay+5 SInv}

@: about to teleport
A: cold resistance 1, negative energy resistance 3, torment resistance 2,
unbreathing 1, heat vulnerability 1, in touch with death 1, no potions
}: 2/15 runes: decaying, gossamer
a: Renounce Religion, Heroism, Finesse


You were on level 15 of the Dungeon.
You worshipped Okawaru.
Okawaru was extremely pleased with you.
You visited 6 branches of the dungeon, and saw 32 of its levels.
You also visited: Bailey.

You collected 4976 gold pieces.
You spent 1966 gold pieces at shops.

Inventory:

Hand Weapons
 I - a +9 demon trident of freezing (weapon)
 U - the +9 halberd "Hoc Rem" {freeze, rC+ Int+3}
   (Okawaru gifted it to you on level 12 of the Dungeon)

   It has been specially enchanted to freeze those struck by it, causing extra
   injury to most foes and up to half again as much damage against particularly
   susceptible opponents.
   It can also slow down cold-blooded creatures.
   It affects your intelligence (+3).
   It protects you from cold.
 X - the +5 short sword of Law {vorpal, rElec Will+ Dex+4 Stlth-}
   (Okawaru gifted it to you on level 4 of the Spider Nest)

   It inflicts extra damage upon your enemies.
   It affects your dexterity (+4).
   It insulates you from electricity.
   It increases your willpower.
   It makes you less stealthy.
Missiles
 b - 17 curare-tipped darts
 c - 21 javelins
 d - 3 throwing nets
 n - 105 poisoned darts
 q - 7 boomerangs of dispersal
 v - 22 boomerangs
 C - 8 silver javelins (quivered)
 E - 33 atropa-tipped darts
 G - 8 silver boomerangs
 L - 24 datura-tipped darts
Armour
 f - a +0 kite shield of fire resistance
 j - a +2 cloak of poison resistance (worn)
 r - a +2 buckler of reflection (worn)
 t - a +2 helmet (worn)
 u - a +0 plate armour
 y - a +1 crystal plate armour (worn)
 R - a +2 pair of boots of rampaging (worn)
 S - a +2 pair of gloves (worn)
 V - a +2 chain mail of fire resistance
Jewellery
 i - a +6 ring of strength (left hand)
 k - an amulet of guardian spirit
 l - a ring of willpower
 p - a +4 ring of evasion
 x - a ring of willpower
 z - a +4 ring of protection
 F - a ring of protection from cold
 J - an amulet of faith (around neck)
 P - the ring of Xiaru (right hand) {Fire rCorr Dex-4 Slay+5 SInv}
   (You found it on level 5 of the Lair of Beasts)

   [ring of fire]

   It enhances your fire magic.
   It affects your dexterity (-4).
   It affects your accuracy and damage with ranged weapons and melee attacks
   (+5).
   It protects you from fire.
   It makes you vulnerable to cold.
   It lets you see invisible.
   It protects you from acid and corrosion.
Wands
 e - a wand of iceblast (31)
 s - a wand of digging (20)
 D - a wand of flame (25)
 H - a wand of charming (25)
 N - a wand of mindburst (4)
 O - a wand of paralysis (7)
 T - a wand of acid (14)
 W - a wand of polymorph (8)
Scrolls
 a - 3 scrolls of amnesia
 g - 10 scrolls of noise
 h - a scroll of torment
 m - a scroll of fog
 o - 19 scrolls of identify
 w - 15 scrolls of teleportation
 B - a scroll of enchant weapon
 M - a scroll of vulnerability {unknown}
 Q - 2 scrolls of brand weapon
 Y - 2 scrolls of magic mapping
Miscellaneous
 A - a piece from Xom's chessboard (15/15)
 K - a phantom mirror


   Skills:
 - Level 13.2 Fighting
 - Level 3.2 Short Blades
 - Level 12.0 Polearms
 - Level 11.1 Throwing
 - Level 10.1 Armour
 - Level 6.4 Dodging
 - Level 2.9 Stealth
 + Level 8.6 Shields
 + Level 12.3 Spellcasting
 - Level 9.3 Translocations
 - Level 7.0 Invocations
 - Level 10.0 Evocations


You had 35 spell levels left.
You knew the following spells:

 Your Spells              Type           Power      Damage    Failure   Level
a - Blink                 Tloc           N/A        N/A       10%         2
b - Passage of Golubria   Tloc           N/A        N/A       54%         4

Your spell library contained the following spells:

 Spells                   Type           Power      Damage    Failure   Level
 Gell's Gravitas          Tloc           13%        N/A       21%         3
 Portal Projectile        Hex/Tloc       34%        N/A       80%         3
 Manifold Assault         Tloc           27%        N/A       88%         5
 Animate Skeleton         Necr           20%        N/A       97%         1
 Corona                   Hex            6%         N/A       97%         1
 Foxfire                  Conj/Fire      40%        2x1d6     97%         1
 Magic Dart               Conj           24%        1d4       97%         1
 Pain                     Necr           40%        1d6       97%         1
 Shock                    Conj/Air       24%        1d4       97%         1
 Call Imp                 Summ           6%         N/A       99%         2
 Corpse Rot               Necr/Air       N/A        N/A       99%         2
 Ensorcelled Hibernation  Hex/Ice        12%        N/A       99%         2
 Slow                     Hex            6%         N/A       99%         2
 Static Discharge         Conj/Air       6%         N/A       99%         2
 Confusing Touch          Hex            6%         N/A       100%        3
 Conjure Flame            Conj/Fire      10%        6-21      100%        3
 Dazzling Flash           Conj/Hex       12%        N/A       100%        3
 Ignite Poison            Fire/Tmut/Pois 10%        N/A       100%        3
 Inner Flame              Hex/Fire       10%        N/A       100%        3
 Mephitic Cloud           Conj/Pois/Air  6%         N/A       100%        3
 Swiftness                Air            6%         N/A       100%        3
 Tukima's Dance           Hex            6%         N/A       100%        3
 Vampiric Draining        Necr           5%         2d6       100%        3
 Airstrike                Air            3%         N/A       100%        4
 Animate Armour           Summ/Erth      12%        N/A       100%        4
 Animate Dead             Necr           5%         N/A       100%        4
 Dispel Undead            Necr           10%        3d9       100%        4
 Leda's Liquefaction      Hex/Erth       3%         N/A       100%        4
 Petrify                  Tmut/Erth      6%         N/A       100%        4
 Sticky Flame             Conj/Fire      10%        2d3       100%        4
 Agony                    Necr           10%        N/A       100%        5
 Alistair's Intoxication  Tmut/Pois      4%         N/A       100%        5
 Bolt of Magma            Conj/Fire/Erth 5%         4d5       100%        5
 Excruciating Wounds      Necr           5%         N/A       100%        5
 Fireball                 Conj/Fire      5%         3d5       100%        5
 Irradiate                Conj/Tmut      3%         3d15      100%        5
 Lightning Bolt           Conj/Air       3%         1d14      100%        5
 Metabolic Englaciation   Hex/Ice        3%         N/A       100%        5
 Summon Forest            Summ/Tloc      8%         N/A       100%        5
 Summon Mana Viper        Hex/Summ       6%         N/A       100%        5
 Yara's Violent Unravell  Hex/Tmut       3%         3d4       100%        5
 Dispersal                Tloc           13%        N/A       100%        6
 Eringya's Noxious Bog    Tmut/Pois      3%         N/A       100%        6
 Iron Shot                Conj/Erth      3%         9d2       100%        6
 Shadow Creatures         Summ           N/A        N/A       100%        6
 Summon Hydra             Summ           3%         N/A       100%        7
 Disjunction              Tloc           13%        N/A       100%        8
 Ignition                 Fire           5%         3d4       100%        8
 Shatter                  Erth           3%         3d7*      100%        9
 Tornado                  Air            3%         N/A       100%        9
 Beastly Appendage        Tmut           Unusable   N/A       N/A         1
 Sublimation of Blood     Necr           Unusable   N/A       N/A         2
 Wereblood                Tmut           Unusable   N/A       N/A         2
 Spider Form              Tmut/Pois      Unusable   N/A       N/A         3
 Ice Form                 Ice/Tmut       Unusable   N/A       N/A         4
 Hydra Form               Tmut           Unusable   N/A       N/A         5
 Blade Hands              Tmut           Unusable   N/A       N/A         6
 Statue Form              Tmut/Erth      Unusable   N/A       N/A         6
 Dragon Form              Tmut           Unusable   N/A       N/A         7

Dungeon Overview and Level Annotations

Branches:
Dungeon (15/15)            Temple (1/1) D:4            Lair (6/6) D:10
  Swamp (4/4) Lair:3       Spider (4/4) Lair:3        Slime (0/5) Lair:5
    Orc (2/2) D:9             Elf (0/3) Orc:2        Vaults (0/5) D:13
 Bailey (visited)
 Depths: D:15

Altars:
Ashenzari
Cheibriados
Dithmenos
Elyvilon
Fedhas
Gozag
Hepliaklqana
Kikubaaqudgha
Makhleb
Nemelex Xobeh
Okawaru
Qazlal
Ru
Sif Muna
Trog
Uskayaw
Vehumet
Wu Jian
Xom
Yredelemnul
Zin
The Shining One
Beogh
Jiyva

Shops:
D:2 :   D:6 !   D:7 ?*   D:9 ([=   D:12 [?[[   Orc:1 [   Orc:2 =!=[

Annotations:
Lair:1 2 transporters, Ikotz's ghost, journeyman KoHu


Innate Abilities, Weirdness & Mutations

You are immune to poison.
Your flesh is cold resistant. (rC+)
You are immune to negative energy. (rN+++)
You are immune to unholy pain and torment.
You can survive without breathing.
You are vulnerable to heat. (rF-)
You are in touch with the powers of death.
You do not drink.


Message History

You barely miss the fire giant.
The fire giant is moderately wounded.
The fire giant gestures at you while chanting.
The bolt of fire hits you!
* * * LOW HITPOINT WARNING * * *
Unknown command.
Okay, then.
Okay, then.
Okay, then.
Press: ? - help, v - describe, . - travel, g - get item Item here: a hell hound corpse.
The floor.
The fire giant casts a spell at you. The bolt of fire misses you.
There is an open door here.
Okay, then.
Okay, then.
Press: ? - help, v - describe, . - travel
Here: a fire giant, wielding a +1 great sword of flaming (moderately wounded)
An open door.
As you read the scroll of teleportation, it crumbles to dust.
You feel strangely unstable.
The fire giant points at you and mumbles some strange words.
The bolt of fire hits you!
* * * LOW HITPOINT WARNING * * *
Okay, then.
Okay, then.
Aiming: Iceblast
Press: ? - help, Shift-Dir - straight line
Okay, then.
Throw: 9 javelins (silver)
Press: ? - help, Q - select action, (/) - cycle Shift-Dir - straight line, f - fire elemental
Aim: a fire elemental (66% to hit)
You throw a silver javelin.
The silver javelin barely misses the fire giant.
The silver javelin pierces through the fire elemental!!
The fire elemental is almost destroyed.
The fire giant casts a spell at you. The bolt of fire hits you!!
You die...

# ≈.≈..##### # .?.
§.......# ## .≈.≈
....... #. ≈≈≈≈#§
°....# #. ≈#≈≈≈≈
°...# ## .§§...
°°(# #
......####E## ##
#.##...@#.○.# #.
#.......C☼.)# #.
####....#..(.'...#
#. #....#...##...'
#. #....##### .##
### #....# # #..
#....# #.. #....#
#.. #....# +..


You could see a fire giant.

Vanquished Creatures
  Mara (Spider:4)
  Nikola (Swamp:1)
  Arachne (Spider:4)
  A tentacled monstrosity (Swamp:4)
  5 thorn hunters
  Agnes (Spider:4)
  Kirke (D:13)
  Roxanne (Spider:3)
  Donald (Swamp:3)
  A frost giant (D:10)
  6 emperor scorpions
  4 fenstrider witches (Swamp:4)
  5 ghost moths
  A reaper (Swamp:4)
  2 entropy weavers (Spider:4)
  Azrael (D:15)
  3 bunyips
  A blizzard demon (Swamp:4)
  6 eleionomae
  2 shambling mangroves
  Harold (D:10)
  A rakshasa (D:12)
  15 hydras
  6 boulder beetles
  9 centaur warriors
  5 catoblepae
  A spriggan air mage (Swamp:4)
  17 two-headed ogres
  6 alligators
  11 ogre magi
  6 tengu warriors
  10 death yaks (Lair:6)
  Urug (Lair:1)
  17 spriggans
  A soul eater (Swamp:4)
  A sixfirhy (Swamp:4)
  3 skeletal warriors (D:14)
  3 goliath frogs
  2 death drakes (Swamp:4)
  2 bog bodies
  3 orc knights
  4 swamp dragons
  7 spriggan druids
  3 deep elf pyromancers
  14 orb spiders
  2 wizards
  4 harpies (D:13)
  A lindwurm (Lair:4)
  3 orc sorcerers
  2 deep elf zephyrmancers (Swamp:4)
  5 cyclopes
  28 wolf spiders
  10 ugly things
  4 will-o-the-wisps
  5 manticores
  14 elephants
  5 moths of wrath
  4 torpor snails
  5 black mambas
  3 orange demons (Swamp:4)
  2 unseen horrors
  Maggie (Lair:2)
  14 komodo dragons
  8 cane toads
  10 demonic crawlers
  4 yaktaurs
  A rime drake (Lair:2)
  An efreet (D:14)
  A hellwing (Swamp:4)
  31 jumping spiders
  6 trolls
  7 tyrant leeches
  A hornet (shapeshifter) (D:15)
  2 polar bears (Lair:6)
  Grinder (D:3)
  19 hornets
  Prince Ribbit (D:9)
  4 blink frogs (Lair:3)
  3 slime creatures
  12 dream sheep (Lair:6)
  A vampire (D:12)
  60 redbacks
  27 tarantellas
  Eustachio (D:4)
  3 wyverns
  2 shadows (D:10)
  4 hogs (D:13)
  3 wraiths
  4 fire elementals (D:15)
  3 fire bats (Lair:1)
  2 water elementals (D:12)
  98 yaks
  6 basilisks
  2 steam dragons (D:8)
  16 vampire mosquitoes
  3 chaos spawn (Swamp:4)
  2 neqoxecs (Swamp:4)
  A warg (Orc:2)
  24 swamp worms
  17 water moccasins
  3 hell hounds (D:15)
  A swamp drake (Swamp:2)
  19 orc warriors
  An ice beast (D:5)
  2 black bears
  A sky beast (D:7)
  9 centaurs
  18 ogres
  22 wolves
  2 phantoms
  A kobold brigand (D:11)
  14 bullfrogs
  2 gnoll sergeants
  6 scorpions
  4 killer bees (D:7)
  13 wights
  2 howler monkeys (D:7)
  7 electric eels
  2 lava snakes (D:10)
  9 centaur zombies
  A bullfrog zombie (D:6)
  3 hounds
  16 orc priests
  2 gnoll shamans
  A jelly (D:5)
  Crazy Yiuf (D:6)
  3 iguanas
  24 orc wizards
  2 killer bee zombies
  A howler monkey zombie (D:7)
  A howler monkey skeleton (D:7)
  18 gnolls
  3 river rats (D:4)
  5 adders
  A white imp (D:6)
  2 ufetubi
  An adder skeleton (D:4)
  3 worms
  5 dart slugs
  53 orcs
  7 bats
  9 endoplasms
  6 giant cockroaches
  18 goblins
  A hobgoblin (D:1)
  15 jackals
  11 kobolds
  4 quokkas
  9 ball pythons
  6 frilled lizards
  8 rats
1075 creatures vanquished.

Vanquished Creatures (collateral kills)
  A wolf spider (Spider:2)
  A demonic crawler (Spider:2)
  A jumping spider (Spider:2)
  A tarantella (Spider:2)
4 creatures vanquished.

Vanquished Creatures (others)
  A bloated husk (Swamp:1)
  An orc wizard (D:10)
  A kobold (D:11)
  A briar patch (Swamp:3)
  18 foxfires
  36 fungi
  59 plants
  2 toadstools (Swamp:3)
119 creatures vanquished.

Grand Total: 1198 creatures vanquished

Notes
Turn   | Place    | Note
-------+----------+-------------------------------------------
     0 | D:1      | sizableburger the Mummy Hunter began the quest for the Orb.
     0 | D:1      | Reached XP level 1. HP: 16/16 MP: 1/1
   626 | D:1      | Reached XP level 2. HP: 19/22 MP: 2/2
   930 | D:1      | Reached skill level 1 in Short Blades
  2182 | D:2      | Reached XP level 3. HP: 28/28 MP: 3/3
  2465 | D:2      | Found Zaxoxuh's Book Shop.
  2709 | D:2      | Reached XP level 4. HP: 33/34 MP: 4/4
  3138 | D:3      | Reached skill level 3 in Fighting
  3144 | D:3      | Noticed Grinder
  3160 | D:3      | Paralysed by Grinder for 7 turns
  3175 | D:3      | Killed Grinder
  3176 | D:3      | Reached skill level 1 in Armour
  3176 | D:3      | Reached XP level 5. HP: 32/42 MP: 5/5
  3176 | D:3      | Reached XP level 6. HP: 37/48 MP: 6/6
  3608 | D:4      | Found a hide-covered altar of Uskayaw.
  3705 | D:4      | Found a staircase to the Ecumenical Temple.
  3706 | D:4      | Noticed Eustachio
  3723 | D:4      | Killed Eustachio
  3724 | D:4      | Reached skill level 4 in Fighting
  3763 | Temple   | Entered the Ecumenical Temple
  3883 | Temple   | Became a worshipper of Warmaster Okawaru
  3968 | D:4      | Reached XP level 7. HP: 51/54 MP: 7/7
  4330 | D:4      | Identified the +6 halberd "Mummy's Doom" {vorpal, Drain
                  | Str+3 Dex+4 Stlth+}
  4824 | D:5      | Entered Level 5 of the Dungeon
  4941 | D:5      | Reached skill level 5 in Throwing
  5102 | D:5      | Reached skill level 1 in Polearms
  5354 | D:5      | Reached skill level 5 in Fighting
  5354 | D:5      | Reached XP level 8. HP: 52/62 MP: 8/8
  5374 | D:5      | Reached * piety under Okawaru
  6748 | D:6      | Found Deuzetrosuc's Distillery.
  6941 | D:6      | Reached skill level 6 in Fighting
  6941 | D:6      | Reached ** piety under Okawaru
  7208 | D:6      | Reached XP level 9. HP: 61/69 MP: 9/9
  7749 | D:6      | Found a runed translucent door.
  7751 | D:6      | Noticed Crazy Yiuf
  7765 | D:6      | Killed Crazy Yiuf
  8145 | D:7      | Reached skill level 1 in Evocations
  8308 | D:7      | Found Jov Tugi's Magic Scroll Shoppe.
  8375 | D:7      | Reached skill level 5 in Armour
  8885 | D:7      | Found Tawk's General Store.
  8934 | D:7      | Reached skill level 7 in Fighting
  9306 | D:8      | Reached *** piety under Okawaru
 10663 | D:9      | Reached XP level 10. HP: 69/79 MP: 10/10
 10685 | D:9      | Noticed Prince Ribbit
 10700 | D:9      | Killed Prince Ribbit
 10876 | D:9      | Received a gift from Okawaru
 10882 | D:9      | Reached skill level 5 in Polearms
 10890 | D:9      | Reached **** piety under Okawaru
 10891 | D:9      | Reached skill level 8 in Fighting
 10932 | D:9      | Found Han Huow's Armour Shoppe.
 10932 | D:9      | Found a staircase to the Orcish Mines.
 10932 | D:9      | Found Riyzxuc's Weapon Shoppe.
 11086 | D:9      | Found Ycviylot's Jewellery Shop.
 11201 | D:9      | Noticed a two-headed ogre
 11208 | D:9      | Killed a two-headed ogre
 11209 | D:9      | Reached skill level 1 in Invocations
 11878 | D:10     | Entered Level 10 of the Dungeon
 11882 | D:10     | Noticed Harold
 12161 | D:10     | Reached ***** piety under Okawaru
 12313 | D:10     | Reached XP level 11. HP: 69/87 MP: 10/13
 12465 | D:10     | Noticed a centaur warrior
 12491 | D:10     | Killed a centaur warrior
 12491 | D:10     | Received a gift from Okawaru
 12492 | D:10     | Reached skill level 9 in Fighting
 13148 | D:10     | Found a staircase to the Lair.
 13541 | D:10     | Killed Harold
 13541 | D:10     | Received a gift from Okawaru
 13655 | D:10     | Noticed a frost giant
 13669 | D:10     | Killed a frost giant
 14034 | Lair:1   | Entered Level 1 of the Lair of Beasts
 14034 | Lair:1   | Found a transporter.
 14034 | Lair:1   | Noticed Urug
 14051 | Lair:1   | Killed Urug
 14349 | Lair:1   | Received a gift from Okawaru
 14365 | Lair:1   | Reached skill level 1 in Shields
 14484 | Lair:1   | Reached skill level 5 in Invocations
 14628 | Lair:1   | Found a dark tunnel.
 14721 | Lair:1   | Reached XP level 12. HP: 84/97 MP: 13/15
 14754 | Lair:1   | Reached skill level 10 in Fighting
 14796 | Lair:1   | Identified the +0 leather armour "Jidif" {Int+2}
 14890 | Lair:1   | Noticed Ikotz's ghost (journeyman KoHu)
 14890 | Lair:1   | Noticed a catoblepas
 15109 | Lair:1   | Found a transporter.
 15279 | Lair:1   | Reached skill level 1 in Spellcasting
 15312 | Lair:1   | Learned a level 2 spell: Blink
 15494 | D:7      | Bought a scroll of acquirement for 624 gold pieces
 15494 | D:7      | Acquired a +5 demon trident of freezing
 15667 | Lair:1   | Reached skill level 1 in Translocations
 16186 | Lair:2   | Noticed Maggie
 16195 | Lair:2   | Killed Maggie
 16461 | Lair:2   | Found a snail-covered altar of Cheibriados.
 16659 | Lair:2   | Received a gift from Okawaru
 17722 | Lair:3   | Found a staircase to the Swamp.
 17746 | Lair:3   | Received a gift from Okawaru
 17861 | Lair:3   | Noticed a six-headed hydra
 17869 | Lair:3   | Killed a six-headed hydra
 17869 | Lair:3   | Received a gift from Okawaru
 17978 | Lair:3   | Reached skill level 5 in Spellcasting
 18154 | Lair:3   | Received a gift from Okawaru
 18249 | Lair:3   | Found a hole to the Spider Nest.
 18266 | Lair:3   | Noticed a boulder beetle
 18283 | Lair:3   | Killed a boulder beetle
 18284 | Lair:3   | Gained mutation: You are in touch with the powers of death.
                  | [Mummy growth]
 18284 | Lair:3   | Reached XP level 13. HP: 90/103 MP: 17/20
 19180 | Lair:3   | Reached ****** piety under Okawaru
 20045 | Lair:5   | Identified the +1 hat "Yhod" {Stlth+} (Okawaru gifted it to
                  | you on level 5 of the Lair of Beasts)
 20045 | Lair:5   | Received a gift from Okawaru
 20147 | Lair:5   | Identified the ring of Xiaru {Fire rCorr Dex-4 Slay+5 SInv}
 20574 | Lair:5   | You fall into a shaft and drop 1 floor!
 20574 | Lair:6   | Entered Level 6 of the Lair of Beasts
 20611 | Lair:6   | Reached skill level 5 in Translocations
 20783 | Lair:6   | Received a gift from Okawaru
 20944 | Lair:6   | Received a gift from Okawaru
 21261 | Lair:6   | Reached XP level 14. HP: 60/110 MP: 23/26
 21837 | Lair:6   | Received a gift from Okawaru
 22630 | Lair:6   | Received a gift from Okawaru
 22638 | Lair:6   | Reached skill level 10 in Throwing
 23012 | Lair:6   | Acquired 570 gold pieces
 24099 | Lair:5   | Found a viscous altar of Jiyva.
 24099 | Lair:5   | Found a staircase to the Slime Pits.
 25073 | D:7      | Bought a scroll of enchant weapon for 90 gold pieces
 25134 | Orc:1    | Entered Level 1 of the Orcish Mines
 25135 | Orc:1    | Found Owkipreso's Antique Armour Boutique.
 25156 | D:9      | Reached skill level 10 in Spellcasting
 25771 | Orc:2    | Entered Level 2 of the Orcish Mines
 25906 | Orc:2    | Found a staircase to the Elven Halls.
 26072 | Orc:1    | Found a runed translucent door.
 26592 | Orc:2    | Received a gift from Okawaru
 27113 | Orc:2    | Received a gift from Okawaru
 27343 | Orc:2    | Paralysed by an ogre mage for 6 turns
 27441 | Orc:2    | Found Lykhlehes's Distillery.
 27441 | Orc:2    | Found Olonifur's Jewellery Shoppe.
 27441 | Orc:2    | Found Naum's Antique Armour Emporium.
 27441 | Orc:2    | Found Gecac's Jewellery Boutique.
 27470 | Orc:2    | Reached XP level 15. HP: 101/117 MP: 29/29
 27649 | Orc:2    | Bought a glowing buckler for 195 gold pieces
 28553 | D:11     | Reached skill level 5 in Evocations
 28761 | D:11     | Received a gift from Okawaru
 29275 | D:12     | Found Waetz's Magic Scroll Shop.
 29278 | D:12     | Bought a scroll of enchant weapon for 112 gold pieces
 29278 | D:12     | Bought a scroll of summoning for 142 gold pieces
 29398 | D:12     | Found Sukleegess's Antique Armour Emporium.
 29430 | D:12     | Bought a glowing plate armour for 572 gold pieces
 29531 | D:12     | Found Menweoh's Armour Emporium.
 29534 | D:12     | Bought a +2 pair of gloves for 231 gold pieces
 29613 | D:12     | Found a runed translucent door.
 29808 | D:12     | Found Xolos's Antique Armour Shop.
 30062 | D:12     | Received a gift from Okawaru
 30452 | D:12     | Reached skill level 11 in Fighting
 30934 | D:12     | Reached skill level 5 in Dodging
 30937 | D:12     | Identified the +9 halberd "Hoc Rem" {freeze, rC+ Int+3}
                  | (Okawaru gifted it to you on level 12 of the Dungeon)
 30937 | D:12     | Received a gift from Okawaru
 31225 | Spider:1 | Entered Level 1 of the Spider Nest
 32178 | Spider:1 | Received a gift from Okawaru
 33267 | Spider:2 | Received a gift from Okawaru
 34477 | Spider:2 | You fall into a shaft and drop 1 floor!
 34488 | Spider:3 | Received a gift from Okawaru
 34498 | Spider:3 | Reached XP level 16. HP: 117/126 MP: 30/30
 34612 | Spider:2 | Received a gift from Okawaru
 35341 | Spider:2 | Received a gift from Okawaru
 35607 | Spider:2 | Received a gift from Okawaru
 35627 | Spider:2 | Reached skill level 12 in Fighting
 35995 | Spider:3 | Noticed Roxanne
 36060 | Spider:3 | Reached skill level 10 in Polearms
 36095 | Spider:3 | Acquired 1327 gold pieces
 37190 | Spider:3 | Killed Roxanne
 37240 | Spider:4 | Entered Level 4 of the Spider Nest
 37471 | Spider:4 | Noticed Arachne
 37655 | Spider:4 | Killed Arachne
 38452 | Spider:4 | Noticed Agnes
 38463 | Spider:4 | Received a gift from Okawaru
 38480 | Spider:4 | Killed Agnes
 38511 | Spider:4 | Received a gift from Okawaru
 39063 | Spider:4 | Noticed Mara
 39066 | Spider:4 | Noticed sizableburger's illusion
 39391 | Spider:4 | Noticed sizableburger's illusion
 39409 | Spider:4 | Killed Mara
 39659 | Spider:4 | Received a gift from Okawaru
 39666 | Spider:4 | Reached skill level 10 in Armour
 39817 | Spider:4 | Received a gift from Okawaru
 40017 | Spider:4 | Reached XP level 17. HP: 104/133 MP: 31/31
 40359 | Spider:4 | Received a gift from Okawaru
 40643 | Spider:4 | Identified the +5 short sword of Law {vorpal, rElec Will+
                  | Dex+4 Stlth-} (Okawaru gifted it to you on level 4 of the
                  | Spider Nest)
 40643 | Spider:4 | Received a gift from Okawaru
 40834 | Spider:4 | Got a gossamer rune of Zot
 41039 | Swamp:1  | Entered Level 1 of the Swamp
 41487 | Swamp:1  | Reached skill level 1 in Stealth
 41777 | Swamp:1  | Identified the +5 spear "Mummy's Foe" {freeze, SInv}
                  | (Okawaru gifted it to you on level 1 of the Swamp)
 41777 | Swamp:1  | Received a gift from Okawaru
 42662 | Swamp:1  | Noticed Nikola
 42677 | Swamp:1  | Killed Nikola
 44251 | Swamp:2  | Received a gift from Okawaru
 44951 | Swamp:2  | Identified the ring of Owann {Will- EV+4 Str-3 Dex+6}
 45158 | Swamp:2  | Reached skill level 10 in Evocations
 46934 | Swamp:3  | Identified the +5 leather armour "Hyarraly" {rPois rN+++
                  | Will- Int+5}
 47005 | Swamp:3  | Reached skill level 5 in Shields
 47359 | Swamp:3  | Noticed Donald
 47373 | Swamp:3  | Killed Donald
 47596 | Swamp:4  | Entered Level 4 of the Swamp
 47714 | Swamp:4  | Received a gift from Okawaru
 47849 | Swamp:4  | Reached XP level 18. HP: 142/142 MP: 32/32
 47928 | Swamp:4  | Reached skill level 13 in Fighting
 48146 | Swamp:4  | Learned a level 4 spell: Passage of Golubria
 48394 | Swamp:4  | Received a gift from Okawaru
 48594 | Swamp:4  | Received a gift from Okawaru
 48618 | Swamp:4  | Noticed a tentacled monstrosity
 48623 | Swamp:4  | Killed a tentacled monstrosity
 48668 | Swamp:4  | Paralysed by a fenstrider witch for 2 turns
 49556 | Swamp:4  | Got a decaying rune of Zot
 50561 | D:13     | Found a gate to the Vaults.
 51093 | D:13     | Noticed Kirke
 51112 | D:13     | Killed Kirke
 51621 | D:14     | Identified the +1 quarterstaff of Doom {vamp, rPois Int+3}
                  | (Okawaru gifted it to you on level 14 of the Dungeon)
 51621 | D:14     | Received a gift from Okawaru
 51869 | D:14     | Found a flagged portal.
 51921 | Bailey   | Entered a bailey
 52390 | D:15     | Entered Level 15 of the Dungeon
 52732 | D:15     | Noticed Azrael
 52744 | D:15     | Killed Azrael
 52760 | D:15     | Killed from afar by a fire giant

Illustrated notes

Levels and vault maps discovered:
D:1:      wander_arrival_fairy_ring, layout_loops_corners, minmay_octomino_c4
D:2:      cheibrodos_old_hovel, layout_rooms, serial_shops, nicolae_shop_trees
D:3:      layout_rooms, uniq_grinder
D:4:      minmay_clustersquares, layout_cave_pools, lemuel_doored_altar,
          minmay_temple_entry_nine_rooms, portal_sewer_entry_b, uniq_eustachio
D:5:      layout_basic
D:6:      minmay_flawed_box, layout_basic, serial_shops, shop,
          uniq_crazy_yiuf_cottage
D:7:      layout_basic, serial_shops, shop, shop, grunt_ministairs_8,
          roderic_st_hans_cross, hangedman_abyss_or_decor_stabs,
          minmay_misc_feat_roman
D:8:      layout_basic, kennysheep_big_empty_room, serial_bayou_ford_a
D:9:      layout_rooms, orc_david_3, serial_shops, shop, uniq_prince_ribbit1
D:10:     kennysheep_big_flooded_room, layout_basic, david_lair_generic,
          kennysheep_just_a_vault, uniq_harold
D:11:     layout_rooms, kennysheep_pointless_box,
          minmay_fractal_squares_gapless_7
D:12:     minmay_the_grid_triangle_9x9_recursive_2
          [minmay_the_grid_triangle_9x9_prize_top_heavy,
          minmay_the_grid_triangle_9x9_stretched_checkered,
          minmay_the_grid_triangle_9x9_thin_v,
          minmay_the_grid_triangle_9x9_subtriangle], layout_basic, serial_shops,
          kennysheep_mini, kennysheep_mini_moat, shop, shop
D:13:     layout_stronghold, david_vaults_2, hangedman_aviary, uniq_kirke
D:14:     layout_cave_pools, minmay_misc_feat_five, enter_bailey_3
D:15:     grunt_enter_depths_giant_problem, layout_gridville, uniq_azrael
Temple:   kilobyte_greek_temple
Lair:1:   layout_chaotic_city, nicolae_volcano_entry_batcave, nzn_ghost_randoct,
          minivault_19, grunt_megastairs_4, uniq_urug
Lair:2:   layout_chaotic_city, kennysheep_snail_temple, lemuel_fruit_tree,
          uniq_maggie
Lair:3:   statuecave_lemuel, layout_regular_city, skrybe_swamp_entry_bodies,
          nicolae_spider_entry_non_spiders
Lair:4:   layout_big_grid, grunt_megastairs_2
Lair:5:   layout_loops_ring, slime_altar_1, serial_bayou_pond_a
Lair:6:   evilmike_catoblepas_cave, layout_concentric_octagons
Swamp:1:  layout_basic_swamp, serial_swamp_ruin, evilmike_swamp_ruin_house_4,
          evilmike_swamp_ruin_house_3, infiniplex_staircase_pool_2, uniq_nikola
Swamp:2:  layout_basic_swamp, nicolae_swamp_trees_clearing,
          hangedman_swamp_lotus
Swamp:3:  cheibrodos_swamp_tower_of_moss, layout_basic_swamp,
          evilmike_swamp_ruin_house_1, swamp_pool1, uniq_donald
Swamp:4:  nzn_swamp_witches_coven, layout_basic_swamp, infiniplex_staircase_pool
Spider:1: layout_chambers
Spider:2: layout_spider_delve
Spider:3: layout_spider_delve, uniq_roxanne
Spider:4: spider_rune_water, uniq_mara, uniq_arachne, uniq_agnes
Orc:1:    layout_caves, serial_shops, shop, basic_altar, lightli_church_of_beogh
Orc:2:    st_orc_ogre_mass, layout_caves, basic_altar

Skill      XL: |  1  2  3  4  5  6  7  8  9 10 11 12 13 14 15 16 17 18 |
---------------+-------------------------------------------------------+-----
Short Blades   | 1 2 3 |  3.2
Fighting       | 3 4 5 6 7 8 9 10 11 12 13 | 13.2
Throwing       | 4 5 6 7 8 9 10 11 | 11.1
Armour         | 1 2 3 4 5 6 7 8 10 | 10.1
Polearms       | 1 3 4 6 7 8 9 11 12 | 12.0
Evocations     | 3 4 6 8 10 | 10.0
Invocations    | 3 5 6 7 |  7.0
Shields        | 1 3 4 5 8 |  8.6
Spellcasting   | 5 8 10 12 | 12.3
Translocations | 3 5 7 8 9 |  9.3
Dodging        | 2 3 5 6 |  6.4
Stealth        | 2 |  2.9

Action                   |  1- 3 |  4- 6 |  7- 9 | 10-12 | 13-15 | 16-18 || total
-------------------------+-------+-------+-------+-------+-------+-------++-------
Melee: Short sword       |    53 |       |       |       |       |       ||    53
       Dagger            |    59 |    80 |   347 |       |       |       ||   486
       Punch             |       |       |     1 |       |       |       ||     1
       Trident           |       |       |   162 |   543 |       |       ||   705
       Demon trident     |       |       |       |   232 |  1362 |  1294 ||  2888
Throw: Javelin           |    18 |    11 |    35 |    50 |    59 |   161 ||   334
       Throwing net      |     1 |     1 |       |     2 |       |       ||     4
       Stone             |       |     8 |     7 |       |       |       ||    15
       Dart              |       |     2 |     3 |    13 |     8 |     6 ||    32
       Boomerang         |       |       |     6 |     8 |    24 |   139 ||   177
Invok: Heroism           |       |       |     1 |     8 |    20 |    28 ||    57
       Finesse           |       |       |       |       |     4 |    12 ||    16
Evoke: Wand              |       |       |     1 |       |     1 |     3 ||     5
       Piece from Xom's  |       |       |       |     1 |       |       ||     1
       Phantom mirror    |       |       |       |       |       |     1 ||     1
  Use: Scroll            |       |     4 |     6 |     5 |    13 |    17 ||    45
 Stab: Held in net/web   |     1 |       |       |     1 |       |       ||     2
       Sleeping          |     1 |       |       |       |       |       ||     1
       Distracted        |       |       |       |       |     1 |       ||     1
       Invisible         |       |       |       |       |       |     1 ||     1
Armor: Leather armour    |    18 |       |       |       |       |       ||    18
       Chain mail        |    16 |    58 |   116 |       |     7 |       ||   197
       Plate armour      |       |       |   122 |   350 |   699 |   725 ||  1896
       Crystal plate arm |       |       |       |       |       |   178 ||   178
Dodge: Dodged            |    85 |    49 |   284 |   340 |   629 |   788 ||  2175
Block: Buckler           |       |       |       |    12 |   284 |   490 ||   786
       Reflection        |       |       |       |       |     1 |    41 ||    42

Table legend: (Time is in decaauts)
 A = Elapsed time spent in this place.
 B = Non-inter-level travel time spent in this place.
 C = Inter-level travel time spent in this place.
 D = Time resting spent in this place.
 E = Time spent auto-exploring this place.
 F = Levels seen in this place.
 G = Mean time per level.
                   A        B        C        D        E       F      G
               +--------+--------+--------+--------+--------+-----+--------+
         Total |  52345 |  49354 |   2991 |  18895 |  22055 |  33 | 1586.2 |
       Dungeon |  19808 |  18485 |   1323 |   5051 |  10340 |  15 | 1320.5 |
        Temple |    154 |    121 |     33 |      0 |    106 |   1 |  154.0 |
          Lair |  10931 |  10321 |    610 |   3017 |   5246 |   6 | 1821.8 |
         Swamp |   8596 |   8318 |    278 |   4867 |   2305 |   4 | 2149.0 |
   Spider Nest |   9761 |   9163 |    598 |   4886 |   2837 |   4 | 2440.2 |
  Orcish Mines |   2998 |   2851 |    147 |   1073 |   1203 |   2 | 1499.0 |
        Bailey |     92 |     92 |      0 |      0 |     17 |   1 |   92.0 |
               +--------+--------+--------+--------+--------+-----+--------+

Top non-repeatable levels by time:
Spider:1: 3273 daAuts
  Lair:6: 3195 daAuts
Spider:4: 2752 daAuts
 Swamp:2: 2687 daAuts
 Swamp:1: 2441 daAuts
     D:1: 2257 daAuts
 Swamp:4: 2235 daAuts
    D:10: 2146 daAuts
    D:12: 1932 daAuts
Spider:3: 1929 daAuts
  Lair:2: 1837 daAuts
Spider:2: 1806 daAuts
  Lair:1: 1720 daAuts
  Lair:3: 1687 daAuts
     D:9: 1657 daAuts
